Map: Year Zero LE

Players

StWaffle - Winner!

  • Race: Zerg Zerg
  • League: Diamond
  • Spawn Location: 11:00

Fatty

  • Race: Protoss Protoss
  • League: Diamond
  • Spawn Location: 1:00

VOD

Have the link to the VOD?

Description

Time

  • Played on: March 12, 2019, 12:40 a.m.
  • Length: 14:49
Show
View Real Time Build Order
Export as new Build Order

StWaffle Zerg - Winner!

Build Orders: Hatch First, Brood Lord Corruptor 

Get SALT Encoding   

  12  0:01  Drone  
  13  0:13  Overlord  
  13  0:18  Drone  
  14  0:32  Drone x2  
  16  0:51  Hatchery  
  16  0:55  Drone  
  16  0:58  Drone  
  16  1:02  Drone  
  18  1:09  Extractor  
  17  1:19  Spawning Pool  
  17  1:22  Drone  
  17  1:25  Drone  
  17  1:29  Drone  
  20  1:40  Drone  
  20  1:57  Hatchery  
  19  2:05  Queen  
  21  2:16  Overlord  
  21  2:22  Queen  
  23  2:27  Drone  
  24  2:30  Drone  
  24  2:32  Drone  
  26  2:38  Overlord  
  26  2:46  Drone x3  
  29  2:54  Queen  
  29  2:57  Zergling x2  
  32  3:00  Zergling x2  
  33  3:07  Lair  
  33  3:15  Drone x3  
  33  3:18  Drone x2  
  38  3:26  Drone  
  38  3:27  Drone x3  
  42  3:38  Overlord x2  
  42  3:39  Drone  
  42  3:40  Drone  
  44  3:48  Roach Warren  
  43  3:57  Spore Crawler  
  43  3:59  Spore Crawler  
  41  4:03  Spore Crawler  
  41  4:06  Spore Crawler  
  41  4:07  Drone x3  
  41  4:08  Drone x3  
  45  4:17  Overlord x2  
  45  4:18  Overlord  
  45  4:24  Hydralisk Den  
  44  4:27  Extractor  
  44  4:28  Drone x3  
  46  4:32  Drone x2  
  46  4:35  Drone, Extractor  
  46  4:36  Drone  
  49  4:38  Drone  
  49  5:07  Drone x10  
  49  5:08  Drone x2  
  49  5:11  Grooved Spines  
  60  5:15  Evolution Chamber x2  
  60  5:19  Extractor  
  60  5:20  Drone x3  
  60  5:21  Queen  
  60  5:26  Infestation Pit  
  61  5:48  Pneumatized Carapace  
  61  5:49  Overseer  
  61  5:50  Hydralisk x4  
  61  5:56  Extractor x2  
  66  5:59  Zerg Missile Weapons Level 1  
  66  6:08  Hatchery  
  65  6:11  Overseer  
  65  6:27  Hydralisk  
  65  6:28  Hydralisk x3  
  73  6:33  Hive  
  73  6:52  Extractor  
  72  6:56  Overlord x2  
  72  6:57  Overlord  
  72  7:02  Zerg Ground Armor Level 1  
  72  7:04  Overlord x4  
  72  7:18  Roach x10  
  72  7:19  Roach x2  
  96  7:27  Drone  
  96  7:28  Drone  
  98  7:39  Spire  
  98  7:41  Hydralisk x3  
  103  7:45  Drone  
  103  7:46  Drone x2  
  103  7:50  Muscular Augments  
  106  8:03  Hydralisk  
  106  8:04  Hydralisk x2  
  112  8:14  Nydus Network  
  112  8:16  Zerg Missile Weapons Level 2  
  112  8:19  Hydralisk  
  111  8:20  Hydralisk  
  115  8:50  Nydus Canal  
  115  9:04  Hydralisk  
  115  9:05  Hydralisk x5  
  115  9:08  Overseer  
  127  9:16  Greater Spire  
  122  9:25  Drone  
  122  9:26  Drone x5  
  128  9:44  Overlord  
  128  9:45  Overlord x5  
  128  9:52  Extractor  
  127  10:00  Overlord x6  
  127  10:02  Corruptor  
  127  10:03  Corruptor x2  
  127  10:04  Corruptor  
  135  10:12  Zerg Melee Weapons Level 1  
  135  10:20  Corruptor x2  
  139  10:36  Nydus Canal  
  139  10:46  Brood Lord  
  141  10:56  Brood Lord x5  
  151  10:57  Corruptor x2  
  151  11:00  Drone  
  156  11:12  Zerg Ground Armor Level 2  
  156  11:26  Corruptor x4  
  164  11:52  Brood Lord  
  164  11:53  Brood Lord  
  168  12:06  Nydus Canal  
  168  12:34  Pathogen Glands  
  168  12:36  Hydralisk  
  168  12:37  Hydralisk x11  
  168  12:44  Zerg Flyer Weapons Level 1  
  154  13:07  Hydralisk x8  
  162  13:31  Hydralisk x9  
  166  13:52  Corruptor  
  166  13:53  Corruptor x5  
  152  14:12  Hydralisk x7  
Show
View Real Time Build Order
Export as new Build Order

Fatty Protoss 

Build Orders: 1 Gate Expand, Oracle Opening, Phoenix Opening, Archon Immortal 

Get SALT Encoding   

  12  0:01  Probe  
  13  0:13  Probe  
  14  0:20  Pylon  
  14  0:26  Probe  
  15  0:37  Probe  
  16  0:45  Probe, Gateway  
  17  0:51  Assimilator  
  17  0:54  Probe  
  18  1:11  Probe  
  19  1:30  Nexus  
  19  1:42  Cybernetics Core  
  19  1:48  Probe  
  19  1:52  Pylon  
  20  2:00  Probe  
  21  2:07  Assimilator  
  21  2:16  Forge  
  21  2:18  Probe  
  22  2:23  Adept  
  22  2:28  Stargate  
  24  2:43  Probe, Warp Gate  
  24  2:47  Probe  
  26  2:53  Probe, Shield Battery  
  27  2:59  Probe  
  27  3:02  Oracle  
  27  3:04  Probe  
  29  3:11  Probe  
  33  3:18  Probe  
  34  3:32  Probe x2  
  35  3:37  Photon Cannon  
  35  3:40  Phoenix  
  37  3:44  Probe x2  
  39  3:51  Pylon  
  39  3:52  Probe  
  39  3:56  Probe  
  41  4:16  Twilight Council, Robotics Facility  
  41  4:18  Probe  
  41  4:19  Probe  
  41  4:23  Pylon  
  43  4:26  Gateway  
  43  4:27  Pylon  
  43  4:29  Protoss Ground Weapons Level 1  
  43  4:31  Assimilator  
  43  4:34  Assimilator  
  43  4:38  Probe x2  
  45  4:50  Probe x2  
  47  5:09  Probe  
  47  5:10  Immortal  
  47  5:11  Charge  
  47  5:13  Probe  
  53  5:20  Gateway  
  53  5:21  Probe  
  53  5:22  Gateway  
  53  5:26  Probe  
  55  5:31  Adept x2  
  59  5:45  Nexus  
  59  5:46  Pylon  
  59  5:49  Pylon  
  59  5:59  Warp Prism  
  59  6:04  Pylon  
  61  6:05  Pylon  
  61  6:10  Gateway  
  61  6:11  Templar Archives  
  61  6:13  Probe x2  
  61  6:17  Shield Battery  
  63  6:21  Shield Battery  
  63  6:24  Photon Cannon, Probe  
  63  6:27  Photon Cannon  
  63  6:28  Probe  
  63  6:32  Protoss Ground Weapons Level 2  
  65  6:37  Immortal  
  69  7:01  Zealot  
  69  7:02  Zealot x3  
  77  7:10  Immortal  
  77  7:11  High Templar  
  83  7:34  Robotics Facility  
  83  7:36  Pylon  
  83  7:37  Probe  
  83  7:38  Pylon  
  83  7:39  Probe x2  
  83  7:41  Gateway  
  86  7:44  Observer  
  86  7:45  Probe, Gateway  
  86  7:50  Assimilator  
  86  7:51  Probe x2  
  90  7:52  Assimilator  
  90  7:58  High Templar x3  
  92  7:59  Zealot  
  92  8:01  Zealot  
  100  8:13  Pylon  
  100  8:18  Immortal  
  104  8:23  High Templar  
  104  8:24  Zealot  
  108  8:34  Immortal  
  108  8:35  Zealot x3  
  108  8:40  Gateway  
  118  8:44  Gateway  
  118  8:51  Forge, Zealot  
  118  8:52  Zealot x2  
  118  8:53  Forge  
  124  9:00  Gateway  
  122  9:04  Psionic Storm  
  122  9:08  Archon x2  
  122  9:15  Nexus  
  122  9:24  Protoss Ground Weapons Level 3  
  122  9:31  Zealot  
  122  9:32  Zealot  
  126  9:39  Pylon  
  126  9:40  Pylon  
  126  9:41  Pylon  
  126  9:55  Pylon  
  126  9:56  Shield Battery  
  126  10:03  High Templar x2  
  126  10:04  High Templar x3  
  126  10:05  Probe, Zealot x2  
  140  10:09  Probe  
  140  10:10  Immortal  
  142  10:17  Protoss Ground Armor Level 1  
  146  10:23  Protoss Shields Level 1  
  146  10:43  Probe  
  146  10:47  Probe x2  
  146  10:49  Zealot x4  
  157  10:50  Zealot  
  157  10:56  Immortal  
  159  11:06  Immortal  
  167  11:14  High Templar x2  
  171  11:18  Archon  
  171  11:37  Nexus  
  169  11:45  Void Ray  
  167  11:48  Fleet Beacon  
  170  11:56  Stargate  
  170  12:01  Stargate  
  171  12:02  Stargate  
  171  12:07  Fleet Beacon  
  171  12:08  Probe  
  171  12:09  Probe x2  
  171  12:11  Photon Cannon  
  171  12:13  Photon Cannon  
  171  12:20  Stalker x2  
  171  12:42  Void Ray x2  
  171  12:48  Pylon  
  171  12:49  Pylon  
  177  12:51  Pylon  
  177  12:57  Void Ray  
  155  13:00  Void Ray  
  123  13:14  Stalker x2  
  123  13:15  Stalker x3  
  123  13:21  Void Ray x2  
  121  13:43  Void Ray  
  119  13:54  Zealot x2  
  123  13:57  Stalker x5  
  123  13:58  Stalker  
Tags
 
Add a new tag
Caveats
  • Supply blocks, unpowered buildings, or Contaminate may cause inaccurate times.
  • Supply counts are checked every 10 seconds.